 Dungeon Crawl Stone Soup version 0.23.2 (webtiles) character file.

Game seed: 4274187717183863762

120 devtcp the Magician (level 4, -3/24 HPs)
             Began as a Deep Elf Wizard on Apr 12, 2019.
             Slain by an orc warrior
             ... wielding a +0 halberd of flaming
              (7 damage)
             ... on level 3 of the Dungeon.
             The game lasted 00:17:02 (3026 turns).

devtcp the Magician (Deep Elf Wizard)               Turns: 3026, Time: 00:17:03

Health: -3/24      AC:  2    Str:  2 (4)  XL:     4   Next: 75%
Magic:  12/14      EV: 12    Int: 22 (24) God:
Gold:   157        SH:  0    Dex: 10 (13) Spells: 11/16 levels left

rFire    . . .     SeeInvis .   k - +1 dagger (distort)
rCold    . . .     Gourm    .   (no shield)
rNeg     . . .     Faith    .   n - +0 animal skin
rPois    .         Spirit   .   b - +0 hat
rElec    .         Reflect  .   h - scarf {cloud immunity}
rCorr    .         Harm     .   (no gloves)
MR       .....                  (no boots)
Stlth    ++........             (no amulet)
HPRegen  0.08/turn              (no ring)
MPRegen  0.14/turn              (no ring)

@: no status effects
A: no striking features
a: no special abilities


You were on level 3 of the Dungeon.
You were not hungry.

You visited 1 branch of the dungeon, and saw 3 of its levels.

You collected 157 gold pieces.

Inventory:

Hand Weapons
 i - a +0 dagger of holy wrath
 k - a +1 dagger of distortion (weapon)
Armour
 a - a +0 robe
 b - a +0 hat (worn)
 h - a scarf of cloud immunity (worn)
 n - a +0 animal skin (worn)
Scrolls
 c - 4 scrolls of identify {unknown}
 e - 2 scrolls of remove curse {unknown}
 f - 3 scrolls of blinking {unknown}
 j - a scroll of immolation
Potions
 g - a potion of haste {unknown}
Comestibles
 d - 5 rations


   Skills:
 + Level 2.7 Dodging
 + Level 3.0 Stealth
 + Level 6.7 Spellcasting
 + Level 1.7 Conjurations
 + Level 1.8 Summonings
 + Level 1.1 Translocations


You had 11 spell levels left.
You knew the following spells:

 Your Spells              Type           Power        Failure   Level  Hunger
a - Magic Dart            Conj           ###.         4%          1    None
b - Call Imp              Summ           ###.....     6%          2    None
c - Blink                 Tloc           N/A          9%          2    None

Your spell library contained the following spells:

 Spells                   Type           Power        Failure   Level  Hunger
 Slow                     Hex            #.......     13%         2    None
 Conjure Flame            Conj/Fire      ##......     19%         3    #......
 Mephitic Cloud           Conj/Pois/Air  #.......     21%         3    #......


Dungeon Overview and Level Annotations

Branches:
Dungeon (3/15)

Altars:

Annotations:
D:3 Terence; riffraff's ghost, amateur GnWr


Message History

Casting: Magic Dart (safe; 4% risk of failure)
Confirm with . or Enter, or press ? or * to list all spells.
Aiming: Magic Dart (safe; 4% risk of failure)
Press: ? - help, Shift-Dir - straight line, f - orc warrior
Aim: an orc warrior, wielding a +0 halberd of flaming and wearing a +0 chain mail (hasn't noticed you)
The magic dart hits the orc warrior but does no damage.
The orc warrior shouts!
Casting: Magic Dart (safe; 4% risk of failure)
Confirm with . or Enter, or press ? or * to list all spells.
Aiming: Magic Dart (safe; 4% risk of failure)
Press: ? - help, Shift-Dir - straight line, f/p - orc warrior
Aim: an orc warrior, wielding a +0 halberd of flaming and wearing a +0 chain mail The magic dart hits the orc.
The orc is lightly wounded.
The orc barely misses you.
The orc warrior hits you from afar with a +0 halberd of flaming!!
Ouch! That really hurt!
* * * LOW HITPOINT WARNING * * *
The orc warrior burns you!
You die...

########.# *,# *,*
#§§§#§##.#***#.# *,*
#§§§§§§#.#*,...# *,*
#########§§§#§§#.##....#*******,*
.......,#####§§§..'.....,,,,,,,,>
#####.#**#...§.#.##....#*******,,
#####.####.....#.#*,,..#*******,,
...............#.#*,,..#*,,,,,,,,
#####.#####....#@##....#*,,,,,,,,
#.# #....#.oo.....+,,,,,,,, #.#
#....####....#*,,,,,,,, #.#
###### *,...#*,,,,,,,, #.#
***#.#*,,,,,,<, **
#.#***************,#********+
,***#.#*,,,,,,,,,,,,,,,* *,
,,,,,,**,***********************,
,,,,,,**,*,,,,,,,,,,,,,,,,,,,,,,,


You could see an orc warrior and an orc.

Vanquished Creatures
  Robin (D:2)
  A gnoll (D:2)
  An adder (D:2)
  A dart slug (D:1)
  A leopard gecko (D:3)
  An orc (D:3)
  3 bats (D:1)
  2 giant cockroaches
  10 goblins
  4 hobgoblins
  5 kobolds
  2 quokkas
  3 frilled lizards
  6 rats
41 creatures vanquished.

Vanquished Creatures (collateral kills)
  A howler monkey (D:3)
  2 gnolls (D:2)
  An adder (D:2)
  An ooze (D:2)
  A bat (D:2)
  A giant cockroach (D:2)
  7 goblins (D:2)
  2 hobgoblins (D:2)
  A frilled lizard (D:2)
  A kobold (D:2)
  A rat (D:2)
19 creatures vanquished.

Grand Total: 60 creatures vanquished

Notes
Turn   | Place    | Note
-------+----------+-------------------------------------------
     0 | D:1      | devtcp the Deep Elf Wizard began the quest for the Orb.
     0 | D:1      | Reached XP level 1. HP: 10/10 MP: 7/7
   282 | D:1      | Reached skill level 5 in Spellcasting
   282 | D:1      | Reached XP level 2. HP: 15/15 MP: 5/10
  1183 | D:2      | Learned a level 2 spell: Call Imp
  1186 | D:2      | Learned a level 2 spell: Blink
  1552 | D:2      | Reached XP level 3. HP: 19/19 MP: 1/12
  1812 | D:2      | Found a faded altar of an unknown god.
  1897 | D:2      | Reached skill level 6 in Spellcasting
  2110 | D:2      | Noticed Robin
  2142 | D:2      | Reached XP level 4. HP: 14/24 MP: 3/14
  2217 | D:2      | Killed Robin
  2564 | D:3      | Found a runed translucent door.
  2564 | D:3      | Noticed riffraff's ghost (amateur GnWr)
  2586 | D:3      | Noticed Terence
  3023 | D:3      | Noticed an orc warrior
  3026 | D:3      | Slain by an orc warrior

Skill      XL: |  1  2  3 |
---------------+----------+-----
Spellcasting   | 5 6 |  6.7
Stealth        | 3 |  3.0
Dodging        | |  2.7
Conjurations   | |  1.7
Summonings     | |  1.8
Translocations | |  1.1

Action                   |  1- 3 |  4- 6 || total
-------------------------+-------+-------++-------
Melee: Dagger            |    10 |     8 ||    18
 Cast: Magic Dart        |    72 |    34 ||   106
       Call Imp          |    16 |    15 ||    31
       Blink             |       |     3 ||     3
  Use: Scroll            |       |     2 ||     2
       Potion            |       |     2 ||     2
 Stab: Distracted        |       |     1 ||     1
  Eat: Ration            |     1 |     1 ||     2
       Chunk             |       |     1 ||     1
Armor: Robe              |     6 |       ||     6
       Animal skin       |       |     1 ||     1
Dodge: Dodged            |    19 |     8 ||    27
